[Event "*** Titled Tuesday Blitz"]
[Site "Chess.com"]
[Date "2021.03.16"]
[Round "2"]
[White "elegant285"]
[Black "jacky72"]
[Result "0-1"]
[WhiteElo "2379"]
[BlackElo "2709"]
[TimeControl "180+1"]
[EndTime "10:20:27 PDT"]
[Termination "jacky72 won by resignation"]

1. d4 Nf6 2. c4 g6 3. Nc3 Bg7 4. e4 O-O 5. Be2 d6 6. Bg5 Na6 7. Nf3 e5 8. O-O h6 9. Be3 Ng4 10. Bc1 exd4 11. Nxd4 Qh4 12. Nf3 Qd8 13.
h3 Ne5 14. Be3 Nxf3+ 15. Bxf3 Be6 16. Be2 Re8 17. Rc1 Qh4 18. Bd4 Nc5 19. Bxg7 Kxg7 20. Qd4+ Qf6 21. Rfd1 Qxd4 22. Rxd4 Bd7 23. Nd5 Rac8 24.
Bf3 Bc6 25. Bg4 Ne6 26. Bxe6 fxe6 27. Nc3 e5 28. Rd2 Rf8 29. Nd5 Rf7 30. c5 dxc5 31. Rxc5 Rd8 32. Rdc2 Rfd7 33. Rd2 Bxd5 34. Rdxd5 Rxd5 35. exd5 Rd7 36. f3 Kf6 37. Ra5 a6 38. Kf2 Ke7 39.
Ke3 Kd6 40. Ke4 Rf7 41. g3 h5 42. h4 Rg7 43. Ra3 g5 44. Rb3 gxh4 45. gxh4 Rg1 46.
Rxb7 Rh1 47. Ra7 Rxh4+ 48. Ke3 Ra4 49. a3 h4 50. Ra8 Kxd5 51. Rh8 Rc4 52. Rh6 c6 53.
Kd3 a5 54. Ke3 a4 55. Rh8 Kc5 56. Rh5 Kd6 57. Rh6+ Kd5 58. Rh8 Ke6 59. Rh6+ Kf5 60. Rh5+ Kf6 61. Rh6+ Kg5 62. Rh8 Rc2 63. Rb8 h3 64.
Rg8+ Kf6 65. Rh8 h2 66. Kd3 Rxb2 67. Kc3 Rb3+ 68. Kc4 Rb2 69. Kc3 Ra2 70. Kb4 Kf5 71.
Kxa4 Kf4 72. Kb3 Re2 73. a4 Kxf3 74. a5 Kg2 75. a6 Re3+ 76. Kb4 Rh3 77. Rg8+ Kf2 78.
a7 h1=Q 79. Rf8+ Ke2 80. a8=Q Qe4+ 81. Kc5 Qd5+ 82. Kb6 Rb3+ 83. Kc7 e4 84. Qa2+ Ke3 85. Qf2+ Kd3 86. Qf1+ Kc3 87. Qc1+ Kd4 88. Rd8 e3 89. Rxd5+ cxd5 90. Qd1+ Rd3 91. Qa4+ Kc3 92. Qa3+ Kc2 93.
Qa2+ Kd1 94. Qb1+ Kd2 95. Qb2+ Ke1 96. Qc2 Rd2 97. Qc3 e2 98. Kd6 d4 99. Qb4 d3 100.
Ke5 Kf1 101. Qxd2 e1=Q+ 102. Qxe1+ Kxe1 0-1

[Event "*** Titled Tuesday Blitz"]
[Site "Chess.com"]
[Date "2021.03.16"]
[Round "2"]
[White "ChelsieMonica"]
[Black "SanchezKelvin"]
[Result "0-1"]
[WhiteElo "2340"]
[BlackElo "2604"]
[TimeControl "180+1"]
[EndTime "10:20:34 PDT"]
[Termination "SanchezKelvin won by checkmate"]

1. c4 Nf6 2. g3 c5 3. Bg2 g6 4. Nf3 Bg7 5. O-O O-O 6. Nc3 Nc6 7. h3 d6 8. d3 a6 9. Rb1 Rb8 10. a4 Nd4 11. e3 Nxf3+ 12. Qxf3 Bd7 13. Qe2 Qa5 14. Bd2 Qc7 15. g4 Bc6 16. e4 Nd7 17. f4 b5 18. axb5 axb5 19. cxb5 Bxb5 20. Nd5 Qd8 21.
Bc3 f6 22. f5 Bc6 23. Nf4 Qe8 24. Ne6 Rf7 25. h4 gxf5 26. gxf5 Kh8 27. Rf3 Bh6 28. Rg3 Nf8 29. Qh5 Nxe6 30. Qxh6 Nd4 31. Kf2 Qf8 32. Qf4 Rg7 33. Rxg7 Qxg7 34. Rg1 Rg8 35. Qh2 Qg4 36. Bxd4 cxd4 37. Bf3 Qxg1+ 38.
Qxg1 Rxg1 39. Kxg1 Kg7 40. Kf2 Kf7 41. Bh5+ Kf8 42.
Ke1 d5 43. Bf3 dxe4 44. dxe4 Bb5 45. Kd2 Ke8 46. Be2 Ba4 47. Bh5+ Kd7 48. Kd3 Kd6 49. Kxd4 Bb3 50. Be2 Bc2 51. Bc4 Bb1 52. b4 Bc2 53. b5 Ba4 54. Be2 Bb3 55. b6 Kc6 56.
e5 Kxb6 57. exf6 exf6 58. Bf3 Kc7 59. Bd5 Bc2 60. Be6 Kd6 61. Kc3 Bb1 62. Kd4 h6 63. Bc8 Bc2 64. Be6 Bb1 65. Bc8 Ba2 66. Ke4 Kc5 67.
Kf4 Kd4 68. Be6 Bb1 69. Bf7 Bc2 70. Be6 Bb1 71. h5 Bc2 72. Bf7 Bb1 73. Bg6 Kd3 74.
Be8 Kd4 75. Bg6 Ba2 76. Kf3 Ke5 77. Kg4 Bb1 78. Bh7 Bc2 79. Bg6 Bd1+ 80. Kg3 Be2 81. Bh7 Bxh5 82. Kh4 Bd1 83. Bg6 Kf4 84. Bh7 Bg4 85.
Bg6 Bxf5 86. Bf7 Bg4 87. Bg6 h5 88. Bd3 Ke5 89. Bg6 f5 90. Kg3 f4+ 91. Kf2 h4 92. Bd3 h3 93. Bf1 Kf5 94. Bd3+ Kg5 95. Be4 Kh4 96.
Bh1 Bf5 97. Bf3 Kg5 98. Bh1 Bg4 99. Be4 Kh4 100. Bh1 Be6 101. Bf3 Bc4 102. Bh1 Kg4 103. Bf3+ Kf5 104. Bh1 Ke5 105. Bf3 Bd5 106. Bxd5 Kxd5 107. Kg1 Ke4 108. Kh2 Ke3 109. Kg1 Ke2 110. Kh2 f3 111. Kg3 f2 112. Kh2 Ke1 113. Kh1 f1=Q+ 114. Kh2 Qg2# 0-1

[Event "*** Titled Tuesday Blitz"]
[Site "Chess.com"]
[Date "2021.03.16"]
[Round "3"]
[White "MaevskiyNikolay"]
[Black "Mrlammy"]
[Result "1-0"]
[WhiteElo "2542"]
[BlackElo "2299"]
[TimeControl "180+1"]
[EndTime "10:21:57 PDT"]
[Termination "MaevskiyNikolay won by resignation"]

1. d4 Nf6 2. Nf3 e6 3. e3 d5 4.
Bd3 Be7 5. O-O O-O 6. b3 b6 7. Qe2 Bb7 8. Nbd2 Nbd7 9. Bb2 Ne4 10. c4 Nxd2 11. Nxd2 dxc4 12. bxc4 Bf6 13. Ne4 Be7 14. Qf3 Nf6 15. Nxf6+ Bxf6 16. Qxb7 1-0

[Event "*** Titled Tuesday Blitz"]
[Site "Chess.com"]
[Date "2021.03.16"]
[Round "3"]
[White "Nemsko"]
[Black "andriipalchuk"]
[Result "0-1"]
[WhiteElo "2317"]
[BlackElo "2588"]
[TimeControl "180+1"]
[EndTime "10:22:03 PDT"]
[Termination "andriipalchuk won by resignation"]

1. e4 e5 2. Nf3 Nc6 3. Bb5 a6 4. Ba4 Nf6 5. O-O Nxe4 6. d4 b5 7. Bb3 d5 8. dxe5 Be6 9. c3 Bc5 10. Bf4 g5 11. Bg3 h5 12. h4 Nxg3 0-1

[Event "*** Titled Tuesday Blitz"]
[Site "Chess.com"]
[Date "2021.03.16"]
[Round "3"]
[White "platy3"]
[Black "Cptn2"]
[Result "1-0"]
[WhiteElo "2798"]
[BlackElo "2488"]
[TimeControl "180+1"]
[EndTime "10:22:55 PDT"]
[Termination "platy3 won by resignation"]

1. e4 c5 2. Nf3 Nf6 3. e5 Nd5 4. Nc3 e6 5. Ne4 d6 6. exd6 Bxd6 7. Bb5+ Nc6 8. Bxc6+ bxc6 9. O-O O-O 10. d3 Ba6 11. Bg5 f6 12. Bh4 c4 13. dxc4 Bxc4 14. Re1 e5 15. Nxd6 Qxd6 16. b3 Qc5 17. bxc4 Qxc4 18. Qd3 Qg4 19. h3 Qh5 20. Qc4 Kh8 21. Bg3 Rac8 22. Rab1 Nb6 23. Qg4 Qf7 24. a4 Nxa4 25.
Qxa4 1-0

[Event "*** Titled Tuesday Blitz"]
[Site "Chess.com"]
[Date "2021.03.16"]
[Round "3"]
[White "TwentyHourADay"]
[Black "SimplyDevina"]
[Result "1-0"]
[WhiteElo "2400"]
[BlackElo "2201"]
[TimeControl "180+1"]
[EndTime "10:22:55 PDT"]
[Termination "TwentyHourADay won by resignation"]

1. Nf3 d5 2. d4 Nf6 3. Bf4 Bf5 4.
c3 c6 5. Qb3 Qb6 6. Nbd2 e6 7. h3 h6 8. e3 Nbd7 9. Be2 Be7 10. O-O O-O 11. c4 Ne4 12. Nxe4 Bxe4 13. Rfc1 c5 14. Nd2 dxc4 15. Qxb6 1-0

[Event "*** Titled Tuesday Blitz"]
[Site "Chess.com"]
[Date "2021.03.16"]
[Round "3"]
[White "kunaevchess"]
[Black "RamyresCoelho"]
[Result "1-0"]
[WhiteElo "2370"]
[BlackElo "2070"]
[TimeControl "180+1"]
[EndTime "10:22:58 PDT"]
[Termination "kunaevchess won by resignation"]

1. e4 c5 2. Nf3 d6 3. d4 cxd4 4.
Nxd4 Nf6 5. Nc3 a6 6. g3 e6 7. Bg2 Be7 8. O-O O-O 9. Be3 Qc7 10.
g4 Nc6 11. g5 Nd7 12. f4 Rb8 13. Qh5 g6 14. Qh4 Nxd4 15. Bxd4 b5 16. Rf3 b4 17. Qxh7+ 1-0

[Event "*** Titled Tuesday Blitz"]
[Site "Chess.com"]
[Date "2021.03.16"]
[Round "3"]
[White "SharapovEvgeny"]
[Black "ellennilssen"]
[Result "1-0"]
[WhiteElo "2485"]
[BlackElo "2276"]
[TimeControl "180+1"]
[EndTime "10:23:06 PDT"]
[Termination "SharapovEvgeny won by resignation"]

1. c4 e5 2. Nc3 Nf6 3. g3 d5 4.
cxd5 Nxd5 5. Bg2 Be6 6. Nf3 Nc6 7. O-O Be7 8. d3 O-O 9. Bd2 Qd7 10. Rc1 f5 11. e4 fxe4 12. Nxe4 Ndb4 13. Bxb4 Nxb4 14.
Nxe5 Nxa2 15. Nxd7 Nxc1 16. Nxf8 Rxf8 17. Qxc1 1-0

[Event "*** Titled Tuesday Blitz"]
[Site "Chess.com"]
[Date "2021.03.16"]
[Round "3"]
[White "PavelShkapenko"]
[Black "c_r_e_e_p_e_r"]
[Result "0-1"]
[WhiteElo "2688"]
[BlackElo "2358"]
[TimeControl "180+1"]
[EndTime "10:23:33 PDT"]
[Termination "c_r_e_e_p_e_r won by resignation"]

1. e4 c6 2. d4 d5 3. e5 c5 4. dxc5 e6 5. a3 Bxc5 6. b4 Bb6 7. Qg4 Ne7 8. Nf3 Ng6 9. Qg3 O-O 10. Bd3 f5 11. h4 Nd7 12. h5 f4 13. Qh3 Ngxe5 14. Qxe6+ Nf7 15. O-O Ne5 16. Qxe5 Nxe5 17. Nxe5 Bd4 0-1

[Event "*** Titled Tuesday Blitz"]
[Site "Chess.com"]
[Date "2021.03.16"]
[Round "3"]
[White "SchmakAttack"]
[Black "bakki78"]
[Result "1-0"]
[WhiteElo "2580"]
[BlackElo "2780"]
[TimeControl "180+1"]
[EndTime "10:23:38 PDT"]
[Termination "SchmakAttack won by resignation"]

1. e4 c5 2. Nf3 Nc6 3. d4 cxd4 4. Nxd4 Nf6 5. Nc3 d6 6. Bg5 e6 7. Qd2 a6 8. O-O-O Bd7 9. f4 Be7 10. Nf3 b5 11. Bxf6 gxf6 12. f5 Qa5 13. Kb1 Qd8 14. g3 Qa5 15. fxe6 Rc8 16. exd7+ Kxd7 17. Bh3+ Kd8 18.
Bxc8 Kxc8 19. Nd5 1-0

[Event "*** Titled Tuesday Blitz"]
[Site "Chess.com"]
[Date "2021.03.16"]
[Round "3"]
[White "northridgehawk"]
[Black "Kobalia"]
[Result "0-1"]
[WhiteElo "2346"]
[BlackElo "2728"]
[TimeControl "180+1"]
[EndTime "10:24:47 PDT"]
[Termination "Kobalia won by resignation"]

1. e4 c5 2. Nf3 e6 3. d4 cxd4 4.
Nxd4 Nc6 5. Nc3 a6 6. f4 Bb4 7. Be3 Nf6 8. Qf3 d5 9. e5 Ne4 10. Ne2 Qa5 11. O-O-O Nxc3 12. Nxc3 Bxc3 13. bxc3 Qxa2 14.
Bd3 Bd7 15. Qg4 g6 16. Qh4 Rc8 17. Qf6 Rg8 18. h4 d4 19. cxd4 Nb4 20. Kd2 Nxd3 21.
Rc1 Nxc1 22. Rxc1 Ba4 0-1

[Event "*** Titled Tuesday Blitz"]
[Site "Chess.com"]
[Date "2021.03.16"]
[Round "3"]
[White "adriangschnitzer"]
[Black "eljanov"]
[Result "0-1"]
[WhiteElo "2493"]
[BlackElo "2869"]
[TimeControl "180+1"]
[EndTime "10:25:02 PDT"]
[Termination "eljanov won by resignation"]

1. e4 c6 2. d4 d5 3. e5 Bf5 4. Nf3 e6 5. Be2 Ne7 6. O-O c5 7. c4 dxc4 8. Na3 Nbc6 9. Bg5 Qd7 10. Nxc4 Nd5 11. Rc1 h6 12. Be3 b5 13. Na3 a6 14. dxc5 Be7 15. Nd4 Be4 16. Nxc6 Qxc6 17. Qd4 Bxg2 18. Rfd1 O-O 19. Bxh6 gxh6 20. Qg4+ Kh8 21.
Qh5 Bg5 22. Bf3 Bxf3 23. Qxf3 Bxc1 24. Rxc1 Rg8+ 25. Kh1 Nb4 0-1

[Event "*** Titled Tuesday Blitz"]
[Site "Chess.com"]
[Date "2021.03.16"]
[Round "3"]
[White "NiranjanNavalgund"]
[Black "ChessLover0108"]
[Result "0-1"]
[WhiteElo "2504"]
[BlackElo "2785"]
[TimeControl "180+1"]
[EndTime "10:25:11 PDT"]
[Termination "ChessLover0108 won by resignation"]

1. e4 c5 2. d4 cxd4 3. c3 Nf6 4. e5 Nd5 5. Nf3 d6 6. cxd4 Nc6 7.
Bc4 Nb6 8. Bb5 Bd7 9. Nc3 dxe5 10. dxe5 g6 11. Bf4 Bg7 12. Qd2 Bg4 13. Nd4 O-O 14. Nxc6 Qxd2+ 15. Kxd2 bxc6 16. Bxc6 Rac8 17. Bb5 Rfd8+ 18.
Ke3 Rxc3+ 19. bxc3 Nd5+ 20. Ke4 Nxc3+ 21. Ke3 Nxb5 22.
f3 Be6 23. Rhd1 Re8 24. a4 Nc3 25. Rdc1 Nd5+ 26. Ke4 f5+ 27. exf6 exf6 28. Bd6 f5+ 29. Kd3 Bxa1 30. Rxa1 Rd8 31. Be5 0-1

[Event "*** Titled Tuesday Blitz"]
[Site "Chess.com"]
[Date "2021.03.16"]
[Round "3"]
[White "FMJoseHerrera"]
[Black "Grineva_Marianna"]
[Result "1-0"]
[WhiteElo "2549"]
[BlackElo "2258"]
[TimeControl "180+1"]
[EndTime "10:25:12 PDT"]
[Termination "FMJoseHerrera won by resignation"]

1. Nf3 d6 2. g3 c6 3. Bg2 Nd7 4. O-O h6 5. d4 g5 6. c4 Bg7 7.
Nc3 Nf8 8. h4 gxh4 9. Nxh4 Be6 10. d5 Bd7 11. e4 Nh7 12. f4 Nhf6 13. e5 Qb6+ 14. Kh1 dxe5 15. fxe5 Ng4 16. e6 fxe6 17.
Qxg4 Bxc3 18. dxe6 Qd4 19. Qh5+ Kd8 20. Rd1 Nf6 21.
Rxd4 Nxh5 22. Rxd7+ Kc8 23. bxc3 Nxg3+ 24. Kh2 Ne2 25.
Rb1 Rb8 26. Ng6 Re8 27. Nxe7+ Rxe7 28. Rxe7 Nxc3 29. Rb3 Nxa2 30. Rf3 1-0

[Event "*** Titled Tuesday Blitz"]
[Site "Chess.com"]
[Date "2021.03.16"]
[Round "3"]
[White "WiktoriaPOL"]
[Black "Natalya_Buksa"]
[Result "1-0"]
[WhiteElo "2122"]
[BlackElo "2487"]
[TimeControl "180+1"]
[EndTime "10:25:12 PDT"]
[Termination "WiktoriaPOL won by checkmate"]

1. c4 e6 2. Nc3 d5 3. cxd5 exd5 4.
d4 Be7 5. Qc2 c6 6. Nf3 g6 7.
Bf4 Bf5 8. Qb3 Qb6 9. e3 Qxb3 10. axb3 Nd7 11. Kd2 Ngf6 12. Bd3 Bxd3 13. Kxd3 h6 14. Ra4 g5 15. Bg3 Nh5 16. Ne5 Nxg3 17. hxg3 Nxe5+ 18. dxe5 Kd7 19. Rha1 a6 20. e4 Ke6 21. exd5+ cxd5 22. f3 h5 23. f4 h4 24. g4 gxf4 25.
Rxf4 h3 26. gxh3 Rxh3+ 27. Kd4 Rc8 28. Nxd5 Rd8 29. Ra5 b5 30. Rxa6+ Kd7 31. Ra7+ Kc6 32. Rc7# 1-0

[Event "*** Titled Tuesday Blitz"]
[Site "Chess.com"]
[Date "2021.03.16"]
[Round "3"]
[White "Oleksandr_Bortnyk"]
[Black "MasterKroket"]
[Result "1-0"]
[WhiteElo "2925"]
[BlackElo "2497"]
[TimeControl "180+1"]
[EndTime "10:25:17 PDT"]
[Termination "Oleksandr_Bortnyk won by checkmate"]

1. e4 c5 2. Nf3 e6 3. c3 Nf6 4. e5 Nd5 5. d4 cxd4 6. cxd4 d6 7. Nc3 Nxc3 8. bxc3 Bd7 9. Bd3 Bc6 10. Ng5 dxe5 11. O-O Be7 12. Qg4 h5 13. Qg3 h4 14.
Qxe5 Bf6 15. Nxe6 fxe6 16. Qxe6+ Qe7 17. Qc8+ Qd8 18. Bg6+ Kf8 19. Ba3+ Kg8 20. Qe6# 1-0

[Event "*** Titled Tuesday Blitz"]
[Site "Chess.com"]
[Date "2021.03.16"]
[Round "3"]
[White "barbara25"]
[Black "boasovietica"]
[Result "1-0"]
[WhiteElo "2248"]
[BlackElo "2451"]
[TimeControl "180+1"]
[EndTime "10:25:18 PDT"]
[Termination "barbara25 won by resignation"]

1. e4 e5 2. Nf3 Nc6 3. d4 exd4 4. Nxd4 Bb4+ 5. c3 Bc5 6. Be3 Bb6 7. Nd2 Nf6 8. Qc2 O-O 9. O-O-O Re8 10. Bd3 Ne5 11.
Be2 Nfg4 12. h3 Nxe3 13. fxe3 Qg5 14. N2f3 Qxe3+ 15. Kb1 Nxf3 16. Bxf3 Bxd4 17. cxd4 c6 18. Rhe1 Qf4 19. e5 d5 20. Ka1 Bf5 21. Qb3 Re7 22. g4 Bg6 23. Rf1 Qg3 24. Rh1 Rae8 25. h4 f6 26. Bxd5+ cxd5 27. Qxg3 1-0

[Event "*** Titled Tuesday Blitz"]
[Site "Chess.com"]
[Date "2021.03.16"]
[Round "3"]
[White "Supernotar"]
[Black "kreonx"]
[Result "1-0"]
[WhiteElo "2714"]
[BlackElo "2335"]
[TimeControl "180+1"]
[EndTime "10:25:40 PDT"]
[Termination "Supernotar won by resignation"]

1. d4 Nf6 2. c4 e6 3. Nf3 Bb4+ 4.
Nbd2 O-O 5. g3 b6 6. Bg2 Bb7 7. O-O c6 8. b3 d5 9. Bb2 Nbd7 10. Qc2 Rc8 11. e4 Bxd2 12. Nxd2 dxe4 13. Nxe4 Nxe4 14. Qxe4 Nf6 15. Qe3 Qc7 16. Rad1 Rfd8 17. Rd3 c5 18. Rfd1 Bxg2 19. Kxg2 cxd4 20. Bxd4 Qc6+ 21. Qf3 Qxf3+ 22. Kxf3 Rc7 23. Bxb6 Rxd3+ 24. Rxd3 1-0

[Event "*** Titled Tuesday Blitz"]
[Site "Chess.com"]
[Date "2021.03.16"]
[Round "3"]
[White "ridnani2021"]
[Black "FILI86"]
[Result "1-0"]
[WhiteElo "2343"]
[BlackElo "2543"]
[TimeControl "180+1"]
[EndTime "10:25:41 PDT"]
[Termination "ridnani2021 won by resignation"]

1. e4 e5 2. Nf3 Nc6 3. d4 exd4 4.
Nxd4 g6 5. Nc3 Bg7 6. Be3 Nf6 7. Bc4 O-O 8. O-O d6 9. h3 Re8 10. Qf3 Ne5 11. Qe2 Nxc4 12. Qxc4 Nxe4 13. Nxe4 Rxe4 14.
Qd5 Re5 15. Qb3 c6 16. Rad1 Qc7 17. c4 Re8 18. Rfe1 Bd7 19. Nf3 Be6 20. Bf4 Rad8 21. Qa3 c5 22. Qxa7 Ra8 23. Bxd6 Qc6 24. Qxc5 Qxc5 25.
Bxc5 Bxb2 26. Rb1 Rxa2 27. Re2 Ra4 28. Rbxb2 Rxc4 29. Ba3 Rc7 30. Bd6 Rd7 31. Bc5 h6 32. Nd4 Rc8 33. Nxe6 fxe6 34. Be3 1-0

[Event "*** Titled Tuesday Blitz"]
[Site "Chess.com"]
[Date "2021.03.16"]
[Round "3"]
[White "Malev212"]
[Black "HanSchut"]
[Result "1-0"]
[WhiteElo "2542"]
[BlackElo "2242"]
[TimeControl "180+1"]
[EndTime "10:25:45 PDT"]
[Termination "Malev212 won by checkmate"]

1. e4 c5 2. Nf3 d6 3. d4 cxd4 4. Nxd4 Nf6 5. Nc3 a6 6. Rg1 e6 7. g4 h6 8. h4 d5 9. exd5 Nxd5 10. Nxd5 Qxd5 11. Bg2 Qe5+ 12. Be3 Bc5 13. c3 Bxd4 14.
Qxd4 Qxd4 15. Bxd4 O-O 16. O-O-O Nc6 17. Bc5 Re8 18. f4 Ne7 19. Bxe7 Rxe7 20. Rd8+ Kh7 21. Rgd1 Rb8 22. Rf8 Rc7 23. Rdd8 Kg6 24. Be4+ Kf6 25. g5+ hxg5 26. hxg5+ Ke7 27. Rfe8# 1-0

[Event "*** Titled Tuesday Blitz"]
[Site "Chess.com"]
[Date "2021.03.16"]
[Round "3"]
[White "novocane"]
[Black "Das_Virus_2020"]
[Result "0-1"]
[WhiteElo "2258"]
[BlackElo "2470"]
[TimeControl "180+1"]
[EndTime "10:25:51 PDT"]
[Termination "Das_Virus_2020 won by resignation"]

1. d4 Nf6 2. c4 c5 3. d5 b5 4.
cxb5 a6 5. f3 c4 6. e4 e6 7.
Bxc4 axb5 8. Bxb5 Qb6 9. Nc3 Bc5 10. Nh3 O-O 11. Qe2 exd5 12. e5 Re8 13. Bd2 Nc6 14.
Bxc6 dxc6 15. O-O-O d4 16. exf6 Rxe2 0-1

[Event "*** Titled Tuesday Blitz"]
[Site "Chess.com"]
[Date "2021.03.16"]
[Round "3"]
[White "DrMamaliga"]
[Black "Caleuche"]
[Result "1-0"]
[WhiteElo "2354"]
[BlackElo "2537"]
[TimeControl "180+1"]
[EndTime "10:25:59 PDT"]
[Termination "DrMamaliga won by checkmate"]

1. c4 Nf6 2. Nf3 g6 3. b4 Bg7 4. Bb2 O-O 5. g3 a5 6. b5 c5 7. Bg2 d6 8. O-O a4 9. a3 Nbd7 10. e3 Nb6 11. Qc2 Be6 12. d3 d5 13.
Nbd2 Qc8 14. Rfd1 Bh3 15. Bh1 Qg4 16. cxd5 Nbxd5 17. Nc4 Qh5 18. e4 Nf4 19. Ne3 Ne6 20. Ne5 Rfd8 21. f4 Nd4 22. Bxd4 cxd4 23. Bf3 Qh6 24.
N3g4 Nxg4 25. Nxg4 Bxg4 26. Bxg4 e6 27. e5 Bf8 28.
Bf3 g5 29. Qd2 gxf4 30. Qxf4 Qxf4 31. gxf4 Ra5 32. Rab1 b6 33. Be4 Bxa3 34. Kf2 h6 35.
Rg1+ Kf8 36. Ra1 Bc5 37. Bc6 a3 38. Ra2 Ke7 39. Kf3 Ra4 40. Ke4 f5+ 41. Kf3 Rf8 42.
Rg7+ Rf7 43. Rg8 Ra7 44. Re8# 1-0

[Event "*** Titled Tuesday Blitz"]
[Site "Chess.com"]
[Date "2021.03.16"]
[Round "3"]
[White "KafkaesqueKnight"]
[Black "Lady_Nika"]
[Result "0-1"]
[WhiteElo "2222"]
[BlackElo "2404"]
[TimeControl "180+1"]
[EndTime "10:26:04 PDT"]
[Termination "Lady_Nika won on time"]

1. d4 d5 2. c4 e6 3. Nc3 f5 4. g4 c6 5. gxf5 exf5 6. cxd5 cxd5 7. Bg2 Nf6 8. Qb3 Qa5 9. Bd2 Bb4 10. a3 Bxc3 11.
Bxc3 Qd8 12. Nh3 O-O 13. Nf4 Kh8 14. O-O Nc6 15. e3 a5 16. Rac1 Ne7 17. Rfd1 Ne4 18. Be1 b6 19. Rc2 Bb7 20. Ne6 Qd6 21. Nxf8 Rxf8 22.
f3 Nf6 23. Bg3 Qe6 24. Rc7 Ba6 25. Rdc1 h6 26. a4 Bc4 27. Qa3 Ng6 28. Qd6 Qxe3+ 0-1

[Event "*** Titled Tuesday Blitz"]
[Site "Chess.com"]
[Date "2021.03.16"]
[Round "3"]
[White "WilliamSchill"]
[Black "nrvisakh"]
[Result "0-1"]
[WhiteElo "2147"]
[BlackElo "2791"]
[TimeControl "180+1"]
[EndTime "10:26:06 PDT"]
[Termination "nrvisakh won on time"]

1. e4 c5 2. Nf3 Nc6 3. d4 cxd4 4. Nxd4 Nf6 5. Nc3 e5 6. Ndb5 d6 7. Nd5 Nxd5 8. exd5 Nb8 9. a4 Be7 10. Be2 O-O 11. O-O Nd7 12. b4 f5 13. c4 a6 14. Nc3 e4 15. Be3 a5 16. Rb1 Bf6 17. Bd4 Bxd4 18. Qxd4 Ne5 19. f4 exf3 20. Bxf3 Qf6 21.
Kh1 g5 22. g3 f4 23. Ne4 Qh6 0-1

[Event "*** Titled Tuesday Blitz"]
[Site "Chess.com"]
[Date "2021.03.16"]
[Round "3"]
[White "GMAkobianSTL"]
[Black "Volodar_Murzin"]
[Result "1-0"]
[WhiteElo "2862"]
[BlackElo "2665"]
[TimeControl "180+1"]
[EndTime "10:26:11 PDT"]
[Termination "GMAkobianSTL won on time"]

1. d4 Nf6 2. c4 g6 3. Nc3 Bg7 4. Bg5 O-O 5. e3 d6 6. Nf3 Nbd7 7. Be2 b6 8. O-O Bb7 9. Qc2 Re8 10. Rfd1 Qc8 11.
Rac1 e5 12. b4 exd4 13. Nxd4 Ne5 14. h3 a5 15. a3 axb4 16. axb4 Ra3 17. Ndb5 Ra8 18.
Nd5 Nxd5 19. cxd5 h6 20. Bh4 g5 21. Bg3 Re7 22. Nxc7 Rb8 23. Nb5 Qd8 24. Qb3 Rc8 25. Rxc8 Bxc8 26. Nd4 Bd7 27. b5 1-0

[Event "*** Titled Tuesday Blitz"]
[Site "Chess.com"]
[Date "2021.03.16"]
[Round "3"]
[White "jefferyx"]
[Black "anon132639"]
[Result "1/2-1/2"]
[WhiteElo "3003"]
[BlackElo "2756"]
[TimeControl "180+1"]
[EndTime "10:26:15 PDT"]
[Termination "Game drawn by agreement"]

1. e4 c5 2. Nf3 Nc6 3. Bb5 Nf6 4.
e5 Nd5 5. O-O Nc7 6. Bxc6 dxc6 7. d3 Ne6 8. Nbd2 g6 9. a4 a5 10. Re1 Bg7 11. Ne4 O-O 12. Bd2 b6 13. Qc1 f5 14.
exf6 exf6 15. Bh6 Ra7 16. h4 Re7 17. Bxg7 Kxg7 18. Qd2 Nd4 19. Nxd4 Qxd4 20. Qc3 Rfe8 21.
Qxd4 cxd4 22. Kf1 f5 23. Nd6 Rxe1+ 24. Rxe1 Rxe1+ 25. Kxe1 Be6 26. Ke2 Kf8 27. Nc4 Bxc4 28. dxc4 c5 29. Kf3 Ke7 30. g4 Kf6 31. Kf4 h6 32. g5+ 1/2-1/2

[Event "*** Titled Tuesday Blitz"]
[Site "Chess.com"]
[Date "2021.03.16"]
[Round "3"]
[White "Rakesh"]
[Black "enriquebutti"]
[Result "0-1"]
[WhiteElo "2495"]
[BlackElo "2205"]
[TimeControl "180+1"]
[EndTime "10:26:15 PDT"]
[Termination "enriquebutti won by resignation"]

1. e4 c5 2. c3 e6 3. d3 d5 4. exd5 Qxd5 5. d4 Nf6 6. Nf3 Nc6 7. Be3 cxd4 8. cxd4 Bb4+ 9. Nc3 Ne4 10. Rc1 Qxa2 11.
Bd3 Qxb2 12. Bxe4 Bxc3+ 13. Kf1 Bd7 14. Rb1 Qa3 15. Rxb7 Qa6+ 16. Qd3 Qxb7 17. Qxc3 Rc8 18. Ke2 Qb4 19. Qxb4 Nxb4 20. Ne5 Bb5+ 21. Kf3 f6 22. Rb1 a5 0-1

[Event "*** Titled Tuesday Blitz"]
[Site "Chess.com"]
[Date "2021.03.16"]
[Round "3"]
[White "MarcLonoff"]
[Black "elegant285"]
[Result "0-1"]
[WhiteElo "2148"]
[BlackElo "2382"]
[TimeControl "180+1"]
[EndTime "10:26:16 PDT"]
[Termination "elegant285 won on time"]

1. c4 e6 2. e4 d5 3. exd5 exd5 4. cxd5 Nf6 5. Bb5+ Bd7 6. Bc4 Be7 7. Nc3 O-O 8. Nge2 Bg4 9. f3 Bh5 10. Nf4 Nbd7 11. Nxh5 Nxh5 12. O-O Nb6 13. Bb3 Nf4 14. d4 Nfxd5 15. a3 c6 16. Qd3 Re8 17. Ne4 g6 18.
Bh6 Qd7 19. Rad1 Rad8 20. Kh1 Qf5 21. g4 Qd7 22. h3 Nf6 23. Ng5 Nbd5 24. Rde1 Bd6 25.
Rxe8+ Rxe8 26. Ne4 Bb8 0-1

[Event "*** Titled Tuesday Blitz"]
[Site "Chess.com"]
[Date "2021.03.16"]
[Round "3"]
[White "eightbyeightchess"]
[Black "KarateBaby"]
[Result "1-0"]
[WhiteElo "2376"]
[BlackElo "2146"]
[TimeControl "180+1"]
[EndTime "10:26:21 PDT"]
[Termination "eightbyeightchess won on time"]

1. e4 c5 2. Nf3 d6 3. d4 cxd4 4. Qxd4 Nc6 5. Bb5 Bd7 6. Bxc6 Bxc6 7. Nc3 Nf6 8. Bg5 e6 9. O-O-O Be7 10. Qd3 h6 11. Bd2 O-O 12. Nd4 Rc8 13. f3 Qa5 14.
Nd5 Qd8 15. Nxe7+ Qxe7 16. g4 Nd7 17. h4 Ne5 18. Qe2 Rfd8 19. g5 h5 20. g6 Nxg6 21.
f4 Qf6 22. Nxc6 Rxc6 23. Qxh5 Rdc8 24. c3 Nxf4 25. Bxf4 Qxf4+ 26. Kb1 Qxe4+ 27. Ka1 Qe5 28. Qg4 Rb6 29. Rd4 1-0

[Event "*** Titled Tuesday Blitz"]
[Site "Chess.com"]
[Date "2021.03.16"]
[Round "3"]
[White "GMKrikor"]
[Black "Slovak_fighter2000"]
[Result "1-0"]
[WhiteElo "2751"]
[BlackElo "2481"]
[TimeControl "180+1"]
[EndTime "10:26:23 PDT"]
[Termination "GMKrikor won by resignation"]

1. Nf3 Nf6 2. c4 e6 3. Nc3 d5 4. e3 b6 5. b3 Bb7 6. Bb2 Nbd7 7. cxd5 Nxd5 8. Nxd5 Bxd5 9. Qc2 c5 10. h4 h6 11.
O-O-O Rg8 12. Qh7 Nf6 13. Bb5+ Ke7 14. Bxf6+ Kxf6 15. e4 Bd6 16. exd5 exd5 17. g4 d4 18. Rde1 1-0

[Event "*** Titled Tuesday Blitz"]
[Site "Chess.com"]
[Date "2021.03.16"]
[Round "3"]
[White "The_filthy"]
[Black "aa175"]
[Result "0-1"]
[WhiteElo "2298"]
[BlackElo "2566"]
[TimeControl "180+1"]
[EndTime "10:26:23 PDT"]
[Termination "aa175 won by resignation"]

1. e4 c5 2. Nf3 d6 3. d4 cxd4 4. Nxd4 Nf6 5. Nc3 a6 6. Be3 e6 7. f3 b5 8. Qd2 Nbd7 9. O-O-O Bb7 10. g4 h6 11. h4 b4 12. Nce2 d5 13. Bh3 dxe4 14.
f4 Qa5 15. Kb1 Nb6 16. Nb3 Qd5 17. Qe1 Qc6 18. Bxb6 Qxb6 19. g5 hxg5 20. hxg5 Nd5 21. g6 f5 22. Nbd4 Bd6 23. Nxe6 Ke7 24. Nxg7 Kf6 25.
Nxf5 Rxh3 26. Nxd6 Nc3+ 27. Nxc3 bxc3 28. Qxc3+ Rxc3 29. Nxb7 Qxb7 30. Rd6+ Kf5 31. g7 Rg3 0-1